 Dungeon Crawl Stone Soup version 0.29.1-2-gbd0b4ee654 (webtiles) character file.

Game seed: 16330500436009935522

403 whiskeysaurus the Conjurer (level 6, 0/46 HPs)
             Began as a Draconian Conjurer on Nov 22, 2022.
             Slain by a fire bat (3 damage)
             ... on level 5 of the Dungeon.
             The game lasted 00:13:31 (5005 turns).

whiskeysaurus the Conjurer (Draconian Conjurer)     Turns: 5005, Time: 00:13:33

Health: 0/46       AC:  7    Str: 10    XL:     6   Next: 55%
Magic:  11/11      EV: 12    Int: 20    God:
Gold:   147        SH:  0    Dex:  9    Spells: 11/12 levels left

rFire   + . .      SeeInvis +   t - +5 quick blade
rCold   x . .      Faith    .   (no shield)
rNeg    . . .      Spirit   .   (body armour unavailable)
rPois   .          Reflect  .   (helmet restricted)
rElec   .          Harm     .   (no cloak)
rCorr   .          Rampage  .   (no gloves)
Will    .....                   j - +0 pair of boots
Stlth   +.........              (no amulet)
HPRegen 0.15/turn               l - ring of see invisible
MPRegen 0.12/turn               n - ring of fire

@: confused, very slow
A: AC +6, unfitting armour, cold-blooded
a: no special abilities


You were on level 5 of the Dungeon.
You visited 1 branch of the dungeon, and saw 5 of its levels.

You collected 147 gold pieces.

Inventory:

Hand Weapons
 t - a +5 quick blade (weapon)
Armour
 j - a +0 pair of boots (worn)
Jewellery
 l - a ring of see invisible (left hand)
 n - a ring of fire (right hand)
Wands
 i - a wand of polymorph (5)
Scrolls
 b - a scroll of acquirement
 g - a scroll of amnesia
 o - a scroll of silence {unknown}
 p - a scroll of identify
 q - a scroll of poison
Potions
 a - a potion of magic
 d - 4 potions of curing
 e - 2 potions of mutation {unknown}
 h - a potion of degeneration {unknown}
 m - a potion of haste {unknown}
 s - a potion of brilliance {unknown}


   Skills:
 + Level 0.9 Fighting
 + Level 1.4 Short Blades
 + Level 3.5 Dodging
 - Level 1.7 Stealth
 + Level 3.6 Spellcasting
 + Level 5.2 Conjurations
 + Level 2.2 Translocations


You had 11 spell levels left.
You knew the following spells:

 Your Spells              Type           Power      Damage    Failure   Level
a - Magic Dart            Conj           96%        1d7       1%          1

Your spell library contained the following spells:

 Spells                   Type           Power      Damage    Failure   Level
 Searing Ray              Conj           48%        2d6       2%          2
 Apportation              Tloc           24%        N/A       5%          1
 Static Discharge         Conj/Air       14%        3-5/arc   7%          2
 Blink                    Tloc           24%        N/A       9%          2
 Necrotise                Necr           12%        1d4       14%         1
 Summon Small Mammal      Summ           12%        N/A       14%         1
 Dazzling Flash           Conj/Hex       28%        N/A       14%         3
 Lesser Beckoning         Tloc           12%        N/A       16%         3
 Iskenderun's Mystic Bla  Conj/Tloc      18%        2d6       28%         4
 Fulminant Prism          Conj/Hex       7%         3d7       41%         4
 Lightning Bolt           Conj/Air       7%         1d19      77%         5
 Manifold Assault         Tloc           12%        N/A       83%         5
 Maxwell's Capacitive Co  Air            1%         ∞         100%        8


Dungeon Overview and Level Annotations

Branches:
Dungeon (5/15)             Temple (0/1) D:4

Altars:
Ashenzari
Nemelex Xobeh
Uskayaw
Wu Jian

Annotations:
D:5 Eustachio


Innate Abilities, Weirdness & Mutations

Your plain brown scales are hard. (AC +6)
You cannot fit into any form of body armour.
You are cold-blooded and may be slowed by cold attacks.


Message History

The shadow imp splashes around in the water.
The adder barely misses you.
The ice beast hits you but does no damage.
The shadow imp closely misses you. The adder bites you but does no damage.
Your unstable footing causes you to fumble your attack.
The quokka seems to regain its courage.
The ice beast hits you. The ice beast freezes you!!
You feel a terrible chill!
* * * LOW HITPOINT WARNING * * *
The orc wizard gestures at you while chanting.
You resist with some effort. The adder closely misses you.
The shadow imp misses you.
As you read the scroll labelled ZIDWALEOFO, it crumbles to dust.
The creatures around you are filled with an inner flame!
It was a scroll of immolation.
The sentinel's mark upon you fades away.
The adder bites you but does no damage.
The ice beast hits you but does no damage.
The orc wizard hits you with a +0 dagger.
* * * LOW HITPOINT WARNING * * *
The shadow imp barely misses you.
Okay, then.
Okay, then.
Aiming: Polymorph
Press: ? - help, Shift-Dir - straight line, f - ice beast, p - Eustachio
Aim: an ice beast (water, inner flame, will become a fire bat, a rime drake, or a killer bee, chance to affect: 49%)
The ice beast evaporates and reforms as a fire bat!
The ufetubus disappears in a puff of smoke!
The fire bat barely misses you. The adder bites you but does no damage.
The shadow imp hits you.
* * * LOW HITPOINT WARNING * * *
The orc wizard casts a spell at you.
You are confused.
You are too confused!
Your unstable footing causes you to fumble your attack.
The adder bites you.
* * * LOW HITPOINT WARNING * * *
The fire bat bites you.
* * * LOW HITPOINT WARNING * * *
You are engulfed in flames.
You resist.
You die...

..###..<~♣♣♣♣~♣♣~.#......
#...~♣P♣~♣P♣~~~~♣♣ ♣♣....
##.P♣~♣♣P~P~~P~~~P♣♣♣~P~..
##.♣~♣~~~~P~~~≈≈~~~~P~~~♣P.
##..P♣~~~~~~≈~≈≈≈~~≈~~~~~~~♣
#..~♣~~~~♣~~≈≈≈≈≈≈≈≈≈≈~PP♣~~
♣P~~~~~~~~≈≈≈≈≈≈≈≈≈≈~~~PPP
♣♣~~~r~~5≈≈≈≈≈≈≈≈≈≈≈≈~P~~♣
#.~~~~~§♣P≈@b≈≈≈≈≈≈≈≈≈≈~~~P~
###♣♣♣~P~~oS≈≈~≈≈≈≈≈≈≈P~~♣~P
♣PP~~♣osl~≈≈≈≈≈~≈~~♣~P~♣
###♣o~~o♣~~~P≈≈≈~~~~~~~♣♣~
#..♣♣♣♣o~~~~~~♣~~~♣
#.....@♣~♣♣~~~♣ P~~
#...bb####♣♣~~♣ #....## ####
#....#


You could see Eustachio (inner flame), a fire bat, a scorpion (inner flame), an
iguana (inner flame), 2 orc wizards, an adder (inner flame), a shadow imp (inner
flame), 3 orcs, a quokka (inner flame) and a bat (summoned).

Vanquished Creatures
  A phantom (D:5)
  2 hounds (D:5)
  Crazy Yiuf (D:3)
  Natasha (thrice) (D:4)
  An orc wizard (D:3)
  4 adders
  A worm (D:2)
  2 dart slugs
  5 orcs
  6 ball pythons
  8 bats
  9 endoplasms
  6 giant cockroaches
  8 goblins
  9 hobgoblins
  8 jackals
  7 kobolds
  3 quokkas
  3 frilled lizards
  5 rats
92 creatures vanquished.

Vanquished Creatures (others)
  9 plants (D:5)
9 creatures vanquished.

Grand Total: 101 creatures vanquished

Notes
Turn   | Place    | Note
-------+----------+-------------------------------------------
     0 | D:1      | whiskeysaurus the Draconian Conjurer began the quest for
                  | the Orb.
     0 | D:1      | Reached XP level 1. HP: 14/14 MP: 3/3
   402 | D:1      | Reached XP level 2. HP: 20/20 MP: 1/5
   481 | D:1      | You fall into a shaft and drop 1 floor!
   481 | D:2      | Found an ornate altar of the Wu Jian Council.
   588 | D:1      | Found a faded altar of an unknown god.
   874 | D:1      | Reached XP level 3. HP: 26/26 MP: 1/6
  1759 | D:2      | Reached XP level 4. HP: 33/33 MP: 3/8
  2334 | D:3      | Found a hide-covered altar of Uskayaw.
  2553 | D:3      | Found a sparkling altar of Nemelex Xobeh.
  2749 | D:3      | Reached skill level 1 in Translocations
  2908 | D:3      | Found a broken altar of Ashenzari.
  2912 | D:3      | Reached XP level 5. HP: 38/38 MP: 6/9
  3363 | D:3      | Found a runed translucent door.
  3364 | D:3      | Noticed Crazy Yiuf
  3674 | D:4      | Noticed Natasha
  3680 | D:4      | Killed Natasha
  3887 | D:4      | Found a staircase to the Ecumenical Temple.
  3889 | D:4      | Noticed an ogre
  3915 | D:4      | Identified 2 scrolls of acquirement
  3915 | D:4      | Acquired a +5 quick blade
  4076 | D:4      | Noticed Natasha
  4081 | D:4      | Found an ornate altar of the Wu Jian Council.
  4111 | D:4      | Killed Natasha
  4152 | D:4      | Noticed Natasha
  4157 | D:4      | Killed Natasha
  4158 | D:4      | Reached skill level 5 in Conjurations
  4576 | D:3      | Killed Crazy Yiuf
  4577 | D:3      | Reached skill level 1 in Short Blades
  4577 | D:3      | Reached XP level 6. HP: 23/45 MP: 2/11
  4781 | D:5      | Entered Level 5 of the Dungeon
  4814 | D:5      | Noticed an ice beast
  4822 | D:5      | HP: 2/46 [ice beast (21)]
  4980 | D:5      | Noticed Eustachio
  4988 | D:5      | Noticed an ice beast
  5004 | D:5      | Noticed a fire bat
  5004 | D:5      | an ice beast changed into a fire bat
  5005 | D:5      | Slain by a fire bat

Illustrated notes

Levels and vault maps discovered:
D:1:      dpeg_arrival_rooms_with_view, layout_rooms,
          hellmonk_ecumenical_altar_run_dry, serial_bayou_pond_e,
          minmay_surrounded
D:2:      layout_loops_ring, basic_altar
D:3:      layout_rooms, mainiacjoe_overflow_boulevard,
          nicolae_uskayaw_dance_hall, nicolae_ashenzari_panopticon,
          chequers_arboretum, uniq_crazy_yiuf_cottage
D:4:      layout_basic, mainiacjoe_overflow_small_starburst,
          minmay_temple_entry_ruins, hangedman_abyss_or_decor_stagger,
          uniq_natasha
D:5:      layout_rooms, nicolae_hepliaklqana_ecumenical_no_more, serial_bayou,
          serial_bayou_ford_a, serial_bayou_pond_b, serial_bayou_shore_a,
          serial_bayou_lagoon_b, serial_bayou_lake_a, amcnicky_mini_pool_small,
          uniq_eustachio

Skill      XL: |  1  2  3  4  5  6 |
---------------+-------------------+-----
Dodging        | 2 3 |  3.5
Spellcasting   | 3 |  3.6
Translocations | 1 2 |  2.2
Conjurations   | 5 |  5.2
Short Blades   | 1 |  1.4
Fighting       | |  0.9
Stealth        | |  1.7

Action                   |  1- 3 |  4- 6 || total
-------------------------+-------+-------++-------
Melee: Unarmed           |    37 |     4 ||    41
       Tailslap          |     7 |     4 ||    11
       Dagger            |     5 |    14 ||    19
       Quick blade       |       |    56 ||    56
 Cast: Magic Dart        |    85 |   115 ||   200
Evoke: Wand              |       |     1 ||     1
  Use: Scroll            |       |     9 ||     9
       Potion            |       |     3 ||     3
 Stab: Sleeping          |       |     1 ||     1
Armor: Skin              |    19 |    43 ||    62
Dodge: Dodged            |    32 |    75 ||   107
